 Dungeon Crawl Stone Soup version 0.19-a0-1922-g1e9a4c1 (webtiles) character file.

239 Psiweapon the Insei (level 5, -10/37 HPs)
             Began as a Demonspawn Transmuter on Oct 24, 2016.
             Was an Initiate of Cheibriados.
             Mangled by TugoseryaHuesosov's ghost (14 damage)
             ... on level 4 of the Dungeon.
             The game lasted 00:14:19 (3780 turns).

Psiweapon the Insei (Demonspawn Transmuter)         Turns: 3780, Time: 00:14:20

Health: -10/37     AC:  3    Str: 11    XL:     5   Next: 79%
Magic:  0/17       EV: 12    Int: 15    God:    Cheibriados [......]
Gold:   22         SH:  0    Dex: 16    Spells: 1 memorised, 7 levels left

rFire  . . .     SeeInvis .       - Unarmed
rCold  . . .     Gourm    .     q - +0 robe
rNeg   + . .     Faith    .     (no shield)
rPois  .         Spirit   +     (no helmet)
rElec  .         Reflect  .     (no cloak)
rCorr  .         Harm     .     w - +0 pair of gloves
MR     .....                    (no boots)
Stlth  +.........               (no amulet)
                                t - ring of magical power
                                s - ring of positive energy

@: appendage, very slow
A: horns 2, magic shield, magic regeneration
a: End Transformation, Bend Time, Renounce Religion


You were on level 4 of the Dungeon.
You worshipped Cheibriados.
Cheibriados was noncommittal.
You were not hungry.
You had grown temporary horns.
You visited 1 branch of the dungeon, and saw 5 of its levels.

You collected 136 gold pieces.
You spent 114 gold pieces at shops.

Inventory:

Hand Weapons
 k - a +0 dagger of venom
 z - a +0 falchion
 C - a +0 quarterstaff
Missiles
 a - 38 arrows
 e - 68 bolts
 i - 114 stones (quivered)
 j - 25 sling bullets
 l - 29 poisoned needles
Armour
 b - a +0 robe
 q - a +0 robe (worn)
 w - a +0 pair of gloves (worn)
Jewellery
 s - a ring of positive energy (left hand)
 t - a ring of magical power (right hand)
Scrolls
 h - a scroll of fear {unknown}
 m - 2 scrolls of enchant armour
 n - 3 scrolls of magic mapping
 o - a scroll of enchant weapon {unknown}
 r - a scroll of remove curse {unknown}
 v - 2 scrolls of amnesia {unknown}
 x - 2 scrolls of teleportation {unknown}
 y - 3 scrolls of identify
 B - a scroll of fog {unknown}
Potions
 p - 3 potions of brilliance
 u - 2 potions of cure mutation
 A - a potion of curing
Books
 c - a book of Changes

   Spells                             Type                      Level
   a - Beastly Appendage              Transmutation                1
   b - Sticks to Snakes               Transmutation                2
   c - Spider Form                    Transmutation/Poison         3
   d - Ice Form                       Ice/Transmutation            4
   e - Blade Hands                    Transmutation                5
Comestibles
 d - a bread ration
 f - 7 fruits


   Skills:
 - Level 1.0 Fighting
 - Level 1.7 Dodging
 * Level 5.1 Unarmed Combat
 - Level 2.0 Spellcasting
 + Level 3.4 Transmutations


You had 7 spell levels left.
You knew the following spells:

 Your Spells              Type           Power        Failure   Level  Hunger
a - Beastly Appendage     Tmut           ##....       8%          1    #......


Dungeon Overview and Level Annotations

Branches:
Dungeon (5/15)
 Temple: D:4-7

Altars:
Cheibriados
Hepliaklqana
Kikubaaqudgha

Shops:
D:4 ([*

Annotations:
D:3 Banto's ghost, amateur NaTm
D:4 1 exclusion, TugoseryaHuesosov's ghost, amateur HOGl


Innate Abilities, Weirdness & Mutations

When hurt, damage is shared between your health and your magic reserves.
You regenerate magic rapidly.
You have a pair of horns on your head.


Message History

Keep eating?
You continue eating. x2
You finish eating.
That bread ration really hit the spot!
Casting: Beastly Appendage
Confirm with . or Enter, or press ? or * to list all spells.
You grow a pair of large bovine horns.
TugoseryaHuesosov's ghost says, "I'll split you in two!"
The flow of time bends around you.
TugoseryaHuesosov's ghost resists with some effort.
You feel slightly more hungry. TugoseryaHuesosov's ghost hits you!!
The flow of time bends around you.
TugoseryaHuesosov's ghost resists with some effort.
You feel slightly more hungry. TugoseryaHuesosov's ghost hits you!
* * * LOW HITPOINT WARNING * * *
As you read the scroll labeled BUUPTILAZA, it crumbles to dust.
You feel aware of your surroundings.
It was a scroll of magic mapping.
TugoseryaHuesosov's ghost hits you!
* * * LOW HITPOINT WARNING * * *
TugoseryaHuesosov's ghost hits you!
You die...

...# ##....#####.......#
...###..##.#* #.......#
...##..###..# #.......#
......## ##.#* #.......#
....### #..####.####.#
....# **#...........##
....# #....###.......##
.#..### #..#**#.........#
#.....####..# #@........#
..#.#.......# #W........#
###....>....# #.........#
...........#####.........#
######...................#
..##.....................#
#........................#
#.......#......#.........#
........#.###.##.........#


You could see TugoseryaHuesosov's ghost.

Vanquished Creatures
  A howler monkey (D:4)
  A hound (D:2)
  An iguana (D:4)
  2 worker ants (D:5)
  2 adders
  2 oozes (D:1)
  A worm (D:2)
  2 orcs (D:3)
  A ball python (D:1)
  5 giant cockroaches
  6 goblins
  10 hobgoblins
  3 jackals (D:2)
  3 quokkas
  11 bats
  A frilled lizard (D:1)
  10 kobolds
  5 rats
67 creatures vanquished.

Notes
Turn   | Place    | Note
-------+----------+-------------------------------------------
     0 | D:1      | Psiweapon the Demonspawn Transmuter began the quest for the Orb.
     0 | D:1      | Reached XP level 1. HP: 15/15 MP: 3/3
   261 | D:1      | Reached skill level 3 in Unarmed Combat
   385 | D:1      | Gained mutation: When hurt, damage is shared between your health and your magic reserves. [demonic ancestry]
   385 | D:1      | Reached XP level 2. HP: 21/21 MP: 3/5
   874 | D:1      | Gained mutation: You regenerate magic rapidly. [demonic ancestry]
   874 | D:1      | Reached XP level 3. HP: 23/26 MP: 2/6
  1462 | D:2      | Reached skill level 4 in Unarmed Combat
  1462 | D:2      | Reached XP level 4. HP: 11/32 MP: 7/7
  2370 | D:3      | Found a hazy altar of Hepliaklqana.
  2370 | D:3      | Found an ancient bone altar of Kikubaaqudgha.
  2517 | D:5      | Entered Level 5 of the Dungeon
  2723 | D:5      | Reached XP level 5. HP: 26/37 MP: 8/8
  2901 | D:4      | Found Byon's Antique Weapon Boutique.
  2916 | D:4      | Found a snail-covered altar of Cheibriados.
  2934 | D:4      | Became a worshipper of Cheibriados the Contemplative
  2939 | D:3      | Noticed Banto's ghost (amateur NaTm)
  3649 | D:4      | Found Uqeoklat's Armour Shoppe.
  3684 | D:4      | Reached skill level 5 in Unarmed Combat
  3707 | D:4      | Found Supraob's General Store.
  3716 | D:4      | Bought a scroll of enchant armour for 90 gold pieces
  3716 | D:4      | Bought a scroll of identify for 24 gold pieces
  3765 | D:4      | Noticed TugoseryaHuesosov's ghost (amateur HOGl)
  3780 | D:4      | Mangled by TugoseryaHuesosov's ghost

Vault maps used:
D:1:      grunt_arrival_lava_bath
D:2:      minmay_box_of_dots
D:3:      gammafunk_temple_overflow_elements
D:4:      cheibriados_altar_1, first_bread, serial_shops, shop, shop, shop
D:5:      roderic_lattice_a, dk_rats_in_the_wall, uniq_prince_ribbit1

Skill      XL: |  1  2  3  4  5 |
---------------+----------------+-----
Unarmed Combat | 3 4 5 |  5.1
Transmutations | 2 3 |  3.4
Fighting       | |  1.0
Dodging        | |  1.7
Spellcasting   | |  2.0

Action                   |  1- 3 |  4- 6 || total
-------------------------+-------+-------++-------
Melee: Unarmed           |   116 |   126 ||   242
       Kick              |    12 |    12 ||    24
       Headbutt          |    11 |    11 ||    22
       Punch             |       |     3 ||     3
 Cast: Beastly Appendage |    24 |    29 ||    53
Invok: Bend Time         |       |     2 ||     2
  Use: Potion            |     1 |       ||     1
       Scroll            |       |     3 ||     3
 Stab: Sleeping          |     2 |     1 ||     3
  Eat: Chunk             |     2 |     6 ||     8
       Fruit             |       |     2 ||     2
       Bread ration      |       |     1 ||     1
Armor: Robe              |    31 |    20 ||    51
Dodge: Dodged            |    69 |    83 ||   152
